AoeStats
← Era8812

Four Lakes

510140808Analyzed
1v1 RM · 3d ago on Sep 29, 2026· 43m 51s· 2 players
Game mode
Random Map
Map size
Tiny (2 player)
Population
200
Speed
Normal
Resources
Standard
Victory
Conquest
Starting age
Dark Age
Ending age
Imperial Age
RankedLock teamsTeams togetherTeam positionsShared explorationLock speedFull tech treeHidden civsTurbo modeCheats
Victory
Defeat
🇨🇱 Persians · Chile
542
+18
🇹🇷 Mongols · Türkiye
591
-18
lux
10:18 Feudal Age
11:29 Wheelbarrow
11:07 Double-Bit Axe
11:45 Gold Mining
13:35 Man-at-Arms
14:39 Forging
15:18 Scale Mail Armor
21:52 Castle Age
21:37 Stone Mining
21:36 Horse Collar
22:38 Hand Cart
23:10 Heavy Plow
25:45 Iron Casting
26:48 Bow Saw
30:10 Gold Shaft Mining
29:41 Fletching
30:40 Scale Barding Armor
31:46 Stone Shaft Mining
31:36 Elite Skirmisher
33:07 Chain Barding Armor
33:45 Padded Archer Armor
35:12 Bodkin Arrow
35:10 Long Swordsman
36:45 Chain Mail Armor
37:44 Leather Archer Armor
43:37 Imperial Age
Era8812
9:56 Feudal Age
15:55 Man-at-Arms
19:36 Bloodlines
20:59 Double-Bit Axe
23:09 Horse Collar
29:35 Castle Age
28:54 Stone Mining
29:44 Forging
29:54 Gold Mining
30:32 Squires
30:39 Pikeman
32:26 Bow Saw
32:16 Light Cavalry
33:41 Loom
35:16 Husbandry
37:44 Gold Shaft Mining
40:02 Nomads
Connection lost

Rejoining the realm…

Still unreachable

The connection could not be restored.

Session expired

The server has moved on; the page needs a fresh start.